Map: Newkirk Precinct TE (Void)

Players

Exodus

  • Race: Terran Terran
  • League: Diamond
  • Spawn Location: 7:00

Musumeci - Winner!

  • Race: Zerg Zerg
  • League: Diamond
  • Spawn Location: 5:00

VOD

Have the link to the VOD?

Description

Time

  • Played on: Jan. 7, 2017, 4:17 p.m.
  • Length: 11:59
Show
View Real Time Build Order
Export as new Build Order

Exodus Terran 

Build Orders: Reaper Expand, MMM Bio 

Get SALT Encoding   

  12  0:01  SCV  
  13  0:13  SCV  
  14  0:18  Supply Depot  
  14  0:25  SCV  
  15  0:40  SCV  
  15  0:41  Barracks  
  16  0:46  Refinery  
  16  0:52  SCV  
  17  1:04  SCV  
  18  1:16  SCV  
  19  1:28  Orbital Command  
  19  1:29  Reaper  
  20  1:43  Command Center  
  20  1:54  Barracks  
  20  1:58  SCV  
  21  2:08  Factory  
  21  2:12  SCV  
  22  2:18  Supply Depot  
  22  2:30  SCV  
  22  2:31  Barracks Reactor  
  23  2:42  SCV  
  23  2:43  Barracks Tech Lab  
  24  2:51  Refinery  
  24  2:53  Factory Reactor  
  24  3:03  SCV  
  24  3:05  Marine  
  25  3:08  Marine x2  
  28  3:13  Orbital Command  
  28  3:15  SCV  
  29  3:25  Marine  
  29  3:26  Marine  
  31  3:27  SCV  
  31  3:31  Stimpack  
  32  3:37  Marine  
  32  3:39  SCV x2  
  35  3:43  Marine x2  
  37  3:50  Starport  
  37  3:51  SCV x2  
  37  3:55  Marine  
  39  4:00  Marine  
  39  4:01  Marine  
  41  4:03  SCV  
  41  4:04  SCV  
  43  4:12  Supply Depot  
  43  4:13  Marine  
  43  4:15  SCV, Supply Depot  
  43  4:16  SCV  
  46  4:32  Factory Reactor  
  46  4:34  SCV, Marine x3, Medivac x2  
  46  4:36  SCV  
  55  4:46  SCV, Supply Depot  
  55  4:48  SCV  
  55  4:50  Engineering Bay  
  55  4:51  Marine x2  
  55  4:52  Engineering Bay  
  59  4:53  Marine  
  59  4:55  Supply Depot  
  59  4:58  SCV  
  61  5:00  SCV  
  61  5:05  Supply Depot  
  62  5:07  Refinery  
  62  5:10  SCV  
  62  5:12  SCV  
  64  5:15  Marine x3  
  64  5:19  Terran Infantry Weapons Level 1  
  67  5:23  Terran Infantry Armor Level 1  
  67  5:25  Refinery  
  67  5:32  Combat Shields  
  67  5:33  Marine x2  
  67  5:35  Supply Depot  
  69  5:44  Marine, Command Center  
  69  5:47  Medivac  
  72  5:51  Marine x2  
  70  6:03  Marine  
  68  6:05  Medivac  
  68  6:08  Marine  
  68  6:09  Marine  
  68  6:11  Supply Depot  
  69  6:12  Supply Depot  
  69  6:17  Medivac  
  71  6:21  Marine  
  71  6:25  Barracks x2  
  72  6:27  Barracks  
  67  6:35  Marine x2  
  67  6:39  Marine  
  70  6:43  SCV, Armory  
  70  6:44  SCV  
  72  6:54  Marine x2  
  72  6:55  SCV  
  72  6:57  Marine  
  76  7:10  Medivac x2  
  76  7:11  Widow Mine x2  
  76  7:12  Orbital Command, Marine x2  
  76  7:13  Barracks Reactor x2  
  76  7:14  Barracks Reactor  
  76  7:15  Marine  
  87  7:19  SCV  
  88  7:30  Marine x2  
  88  7:31  Missile Turret  
  88  7:33  Missile Turret  
  88  7:34  Terran Infantry Weapons Level 2, Terran Infantry Armor Level 2  
  88  7:36  Marine  
  91  7:40  Medivac  
  93  7:47  Marine  
  93  7:48  Marine  
  93  7:53  Marine x5  
  93  7:54  Marine x2  
  93  7:55  Widow Mine  
  102  8:05  Marine x2  
  102  8:09  Concussive Shells  
  102  8:11  Marine x6  
  102  8:12  Marine  
  111  8:15  Orbital Command  
  101  8:23  Marine x2  
  103  8:29  Marine x2  
  103  8:31  Widow Mine x2, Medivac x2  
  103  8:32  Barracks x2, Marine  
  103  8:33  Marine x2  
  116  8:35  Barracks  
  116  8:43  SCV x3  
  119  8:54  Marine x4  
  119  8:55  SCV, Marine  
  125  9:02  Supply Depot  
  125  9:04  Supply Depot  
  125  9:12  Supply Depot  
  125  9:13  Supply Depot  
  125  9:17  Marine, Medivac  
  125  9:18  SCV x2, Marine  
  125  9:21  Widow Mine x2, SCV  
  87  9:36  SCV x3  
  90  9:44  Barracks Tech Lab x2  
  90  9:45  Barracks Tech Lab  
  90  9:46  Marauder, Factory, Marine x5  
  90  9:47  Marine  
  90  9:48  SCV x2  
  90  9:49  SCV  
  101  10:00  SCV  
  101  10:04  Marine x4  
  101  10:05  Marauder  
  101  10:06  SCV  
  110  10:07  SCV  
  110  10:08  Marauder  
  110  10:12  SCV, Command Center  
  113  10:18  SCV  
  114  10:27  Marine x3  
  114  10:28  Marauder x3, Marine x2  
  124  10:29  Marauder, Marine x3  
  130  10:44  Medivac x2  
  130  10:45  Marine x3  
  130  10:46  Marine x2  
  130  10:47  Marine x2  
  130  10:49  Marauder x2, Refinery  
  147  10:50  Marauder x2  
  139  10:58  Marine  
  139  11:03  Marine x3  
  143  11:08  Bunker  
  143  11:11  Marauder x3  
  149  11:12  Marauder, Marine x4  
  149  11:16  Marine  
  154  11:20  Marine  
  154  11:23  Marine x2  
  154  11:25  Factory Tech Lab  
  151  11:29  Marine  
  151  11:30  Marine x3  
  151  11:32  Marauder x3  
  159  11:33  Marauder, Missile Turret  
  159  11:34  Marine  
Show
View Real Time Build Order
Export as new Build Order

Musumeci Zerg - Winner!

Build Orders: Hatch First 

Get SALT Encoding   

  12  0:01  Drone  
  13  0:08  Drone  
  14  0:16  Drone, Extractor  
  15  0:41  Hatchery  
  14  0:45  Extractor  
  13  0:51  Drone  
  15  1:01  Spawning Pool  
  14  1:17  Drone, Extractor  
  14  1:19  Drone, Extractor  
  14  1:23  Overlord  
  16  1:41  Drone  
  16  1:42  Drone  
  18  1:49  Queen  
  18  1:51  Drone  
  18  1:53  Queen  
  23  1:57  Drone  
  23  2:01  Drone  
  25  2:07  Overlord  
  25  2:11  Drone  
  26  2:18  Drone  
  27  2:25  Queen  
  29  2:30  Queen  
  29  2:37  Drone x2  
  32  2:41  Drone x2  
  32  2:43  Extractor  
  34  2:44  Drone  
  34  2:48  Drone  
  36  2:54  Overlord  
  37  2:58  Extractor  
  37  3:01  Overlord  
  36  3:09  Extractor  
  36  3:12  Drone x3  
  40  3:23  Drone x6  
  45  3:38  Hatchery  
  44  3:45  Extractor x2  
  42  3:50  Roach Warren  
  42  3:55  Evolution Chamber  
  40  4:03  Drone x3  
  40  4:05  Drone  
  44  4:21  Evolution Chamber  
  43  4:25  Drone x3  
  43  4:26  Overlord x3  
  46  4:31  Roach x2  
  46  4:32  Roach  
  46  4:34  Overlord  
  52  4:46  Roach  
  52  4:47  Lair  
  54  4:54  Spore Crawler  
  54  4:56  Spore Crawler  
  54  4:57  Spore Crawler  
  51  5:00  Spore Crawler  
  51  5:03  Roach x3  
  51  5:06  Drone, Extractor  
  51  5:07  Drone x3  
  58  5:09  Drone  
  58  5:10  Drone x2  
  58  5:11  Extractor  
  62  5:14  Drone x3  
  62  5:20  Drone  
  62  5:21  Drone x2  
  67  5:41  Zerg Missile Weapons Level 1  
  67  5:42  Roach x3  
  73  5:44  Glial Reconstitution  
  73  5:52  Ravager  
  66  6:03  Roach x6  
  66  6:04  Roach x2  
  69  6:18  Roach  
  69  6:19  Roach x2  
  73  6:27  Ravager  
  71  6:36  Drone x2  
  73  6:40  Drone x7  
  73  6:41  Queen  
  73  6:43  Extractor  
  73  6:45  Extractor  
  80  6:52  Zerg Ground Armor Level 1  
  80  6:58  Roach x4  
  88  7:05  Drone x2  
  88  7:07  Overlord x4  
  90  7:26  Drone  
  90  7:27  Drone x6  
  90  7:29  Ravager x8  
  105  7:50  Roach x5  
  105  7:51  Roach x3  
  121  7:53  Drone  
  121  7:54  Overlord  
  121  7:55  Overlord x3  
  122  8:25  Zerg Missile Weapons Level 2  
  122  8:29  Infestation Pit  
  122  8:31  Drone  
  122  8:32  Drone  
  123  8:36  Drone x2  
  123  8:40  Hatchery, Drone x6  
  130  8:42  Spine Crawler, Ravager x9  
  130  8:43  Spore Crawler x2  
  130  8:44  Spine Crawler  
  130  8:45  Spine Crawler  
  130  8:46  Spore Crawler  
  133  8:55  Roach x6  
  145  8:57  Overlord x5  
  145  9:10  Overlord x6  
  145  9:15  Extractor  
  144  9:18  Extractor  
  132  9:27  Roach x4  
  137  9:32  Drone x4  
  137  9:34  Drone  
  137  9:37  Drone  
  143  9:48  Hive  
  143  9:52  Ravager x7  
  150  9:55  Drone x4  
  154  10:20  Roach x13  
  180  10:33  Roach x6  
  198  10:36  Ravager x2  
  200  10:45  Ravager x6  
  200  10:59  Spore Crawler  
  200  11:01  Spore Crawler  
  198  11:08  Ravager x2  
Tags
 
Add a new tag
Caveats
  • Supply blocks, unpowered buildings, or Contaminate may cause inaccurate times.
  • Supply counts are checked every 10 seconds.